 Dungeon Crawl Stone Soup version 0.27-a0-828-g8289197e94 (webtiles) character file.

Game seed: 16977402588757793144

2 dickylongcocking the Insei (level 1, -1/13 HPs)
             Began as an Octopode Transmuter on Mar 30, 2021.
             Slain by a jackal (3 damage)
             ... on level 1 of the Dungeon.
             The game lasted 00:00:08 (20 turns).

dickylongcocking the Insei (Octopode Transmuter)      Turns: 20, Time: 00:00:08

Health: -1/13      AC:  1    Str:  9    XL:     1   Next: 40%
Magic:  1/3        EV: 13    Int: 15    God:
Gold:   0          SH:  0    Dex: 12    Spells: 3/4 levels left

rFire    . . .     SeeInvis .     - Unarmed
rCold    . . .     Faith    .   (no shield)
rNeg     . . .     Spirit   .   (helmet currently unavailable)
rPois    .         Reflect  .   (no amulet)
rElec    .         Harm     .   (no ring)
rCorr    .         Rampage  .   (no ring)
Will     .....                  (no ring)
Stlth    ++........             (no ring)
HPRegen  0.04/turn              (no ring)
MPRegen  0.08/turn              (no ring)
                                (no ring)
                                (no ring)

@: appendages (expiring)
A: tentacle spike 3, almost no armour, amphibious, 8 rings, camouflage 1,
gelatinous body 1, (nimble swimmer 1), tentacles
a: End Transformation


You were on level 1 of the Dungeon.
One of your tentacles had grown a beastly spike.
You visited 1 branch of the dungeon, and saw 1 of its levels.

You aren't carrying anything.


   Skills:
 - Level 1.0 Fighting
 - Level 2.0 Dodging
 * Level 3.2 Unarmed Combat
 - Level 2.0 Spellcasting
 - Level 2.0 Transmutations


You had 3 spell levels left.
You knew the following spells:

 Your Spells              Type           Power      Damage    Failure   Level
a - Beastly Appendage     Tmut           14%        N/A       10%         1

Your spell library contained the following spells:

 Spells                   Type           Power      Damage    Failure   Level
 Wereblood                Tmut           7%         N/A       14%         2
 Foxfire                  Conj/Fire      4%         2x1d4     22%         1
 Spider Form              Tmut/Pois      2%         N/A       41%         3
 Ice Form                 Ice/Tmut       4%         N/A       82%         4
 Cause Fear               Hex            0%         N/A       91%         4
 Hydra Form               Tmut           3%         N/A       95%         5
 Dragon Form              Tmut           3%         N/A       100%        7
 Dragon's Call            Summ           0%         N/A       100%        9


Dungeon Overview and Level Annotations

Branches:
Dungeon (1/15)

Altars:


Innate Abilities, Weirdness & Mutations

One of your tentacles has grown a beastly spike.
You cannot wear most types of armour.
You are amphibious.
You can wear up to eight rings at the same time.
Your skin changes colour to match your surroundings (Stealth+).
Your rubbery body absorbs attacks. (AC +1, EV +1)
((You are camouflaged near water. (Stealth+)))
You have tentacles for arms and can constrict up to eight enemies at once.


Message History

A jackal comes into view.
You see here a book of the Dragon.
You pick up a book of the Dragon and begin reading...
You add the spells Foxfire, Cause Fear, Dragon Form and Dragon's Call to your library.
The hobgoblin barely misses you.
Casting: Beastly Appendage (safe; 10% risk of failure)
Confirm with . or Enter, or press ? or * to list all spells.
You miscast Beastly Appendage.
You are very lightly contaminated with residual magic.
Nothing appears to happen.
The jackal barks!
The hobgoblin hits you.
You tentacle-slap the hobgoblin but do no damage.
You grab the hobgoblin.
You constrict the hobgoblin, but do no damage.
The hobgoblin hits you.
Casting: Beastly Appendage (safe; 10% risk of failure)
Confirm with . or Enter, or press ? or * to list all spells.
One of your tentacles grows a vicious spike.
You constrict the hobgoblin. The hobgoblin closely misses you.
Unknown command.
Unknown command.
You tentacle-slap the hobgoblin. You squeeze the hobgoblin.
You kill the hobgoblin!
Your transformation is almost over.
You barely miss the jackal. Your grab misses the jackal.
Your tentacle spike misses the jackal.
The jackal bites you.
* * * LOW HITPOINT WARNING * * *
You barely miss the jackal. Your grab misses the jackal.
You squeeze the jackal.
The jackal is moderately wounded.
The jackal barely misses you.
You tentacle-slap the jackal. You grab the jackal.
You pierce the jackal.
You kill the jackal!
Your magical contamination has completely faded away.
You tentacle-slap the jackal but do no damage.
Your grab misses the jackal.
You pierce the jackal, but do no damage.
The jackal bites you.
You die...

.#####...######..#
...........[........#
....................#
................[...#
....................#
...................#
......####..........#
....##....##h........#
#...<...@#......#.#
.....##......#.....# .
.......#.....#.....#
.. .........#.......
..........#.......#
..........#......##
.........#.......#
#....$..##.....


You could see a jackal.

Vanquished Creatures
  A hobgoblin (D:1)
  A jackal (D:1)
2 creatures vanquished.

Notes
Turn   | Place    | Note
-------+----------+-------------------------------------------
     0 | D:1      | dickylongcocking the Octopode Transmuter began the quest
                  | for the Orb.
     0 | D:1      | Reached XP level 1. HP: 13/13 MP: 3/3
    20 | D:1      | Slain by a jackal

Illustrated notes

Levels and vault maps discovered:
D:1:      dpeg_arrival_solitude, layout_basic, st_stairs_8,
          minmay_worlds_worst_comb

Action                   || total
-------------------------++-------
Melee: Unarmed           ||     6
       Constrict         ||     2
       Kick              ||     2
       Tentacles         ||     2
 Cast: Beastly Appendage ||     1
Dodge: Dodged            ||     3

Table legend: (Time is in decaauts)
 A = Elapsed time spent in this place.
 B = Non-inter-level travel time spent in this place.
 C = Inter-level travel time spent in this place.
 D = Time resting spent in this place.
 E = Time spent auto-exploring this place.
 F = Levels seen in this place.
 G = Mean time per level.
                   A        B        C        D        E       F      G
               +--------+--------+--------+--------+--------+-----+--------+
         Total |     20 |     20 |      0 |      0 |      3 |   1 |   20.0 |
       Dungeon |     20 |     20 |      0 |      0 |      3 |   1 |   20.0 |
               +--------+--------+--------+--------+--------+-----+--------+

Top non-repeatable levels by time:
     D:1: 20 daAuts
